Login

Rochester Americans vs Hartford Wolf Pack

Created - 30 March 2024 at 23:06

Goals
1 2 3 T
Rochester Americans 2 1 1 4
Hartford Wolf Pack 1 0 5 6
Shots
1 2 3 T
Rochester Americans 2 4 17 23
Hartford Wolf Pack 5 7 22 34

GoalsPenalties
1st period
1. Hartford Wolf Pack , Braden Schneider 3 (Anton Blidh 3, Louis Domingue) at 5:33 (PP)
2. Rochester Americans , Brandon Biro 8 (Jacob Bryson 7, Peter Abbandonato 3) at 6:37
3. Rochester Americans , Brett Murray 1 (Brandon Biro 5) at 8:44
Justin Richards (RCH) for Holding (Minor) at 5:22
2nd period
4. Rochester Americans , Lukas Rousek 12 (Justin Richards 15) at 11:58
No Penalty
3rd period
5. Hartford Wolf Pack , Lauri Pajuniemi 3 (Jake Leschyshyn 13, Riley Nash 12) at 2:41
6. Hartford Wolf Pack , Lauri Pajuniemi 4 (Nikolas Brouillard 1, Riley Nash 13) at 4:57
7. Hartford Wolf Pack , Adam Sykora 1 (Anton Blidh 4, Braden Schneider 11) at 5:39 (PP)
8. Hartford Wolf Pack , Riley Nash 12 (Lauri Pajuniemi 4, Braden Schneider 12) at 14:19 (PP)
9. Rochester Americans , Brandon Biro 9 (Lukas Rousek 13) at 15:19 (PP)
10. Hartford Wolf Pack , Anton Blidh 15 (Brandon Scanlin 5) at 19:18 (Empty Net)
Jack Dugan (RCH) for Holding Stick (Minor) at 5:00
Kale Clague (RCH) for Tripping (Minor) at 7:55
Jeremy Davies (RCH) for Slashing (Minor) at 14:02
Riley Nash (HAR) for Delaying the game (Minor) at 14:41
Connor Mackey (HAR) for Tripping (Minor) at 15:40
Goalie Stats
Eric Comrie (RCH), 28 saves from 33 shots - (0.848), L, 3-3-1, 59:42 minutes
Louis Domingue (HAR), 19 saves from 23 shots - (0.826), W, 7-3-0, 60:00 minutes
3 StarsOfficial
1 - Lauri Pajuniemi (HAR)
2 - Brandon Biro (RCH)
3 - Anton Blidh (HAR)
Referees : Adam Bloski and Eric Furlatt
Linesman : Luke Murray and Darren Gibbs
Game Note
0:55 of 2nd period - Hartford Wolf Pack goal is going for a video replay. After video review, No Goal. The net was displaced accidentally.
Anton Blidh has scored in a empty net!
Finance
Level 1 -- Attendance: 1705 (85.25%) -- Ticket Income $59,675
Level 2 -- Attendance: 878 (87.80%) -- Ticket Income $13,170
Total Attendance: 2583 (86.10%)
Total Ticket Income: $72,845
Other Income: $35,694
Total Income: $108,539



Team Name Goals Shots Shots Attemp Shots Blocked PIM HIT PP PK FO%
Rochester Americans 4233998181 / 2 (50%)337%
Hartford Wolf Pack 6345954143 / 4 (75%)163%

Rochester Americans
Player Name POS G A P +/- PIM HIT SHT SB MP PP MP PP SHT PK MP PK SHT FO% FOT GA TA
Brandon BiroC2131014015:111:0910:37157% 700
Brett MurrayRW1011002013:460:0000:0000% 000
Filip KralD000000000:000:0000:0000% 000
Henry ThrunD0001000113:100:0000:0000% 000
Isak RosenC000000000:000:0000:0000% 000
Jack DuganLW0001240019:061:0900:370100% 100
Jacob BrysonD0111000219:240:5700:1900% 001
Jeremy DaviesD0001201114:180:0000:1900% 001
Jiri KulichRW0001021018:451:2000:000100% 100
Justin RichardsC011-2221023:131:2002:18025% 3200
Kale ClagueD0001200118:520:5700:0000% 000
Linus WeissbachRW000000006:460:0000:0000% 000
Lukas RousekRW112-2015124:411:1702:2910% 100
Owen PowerD000-2015127:291:4002:4700% 010
Peter AbbandonatoC0111011015:260:0800:110100% 200
Riley StillmanD000-2020227:291:4002:4700% 000
Thomas BordeleauC0000012019:231:2010:00042% 1230
Tyler BensonLW000-1031019:510:0800:0000% 101
Hartford Wolf Pack
Player Name POS G A P +/- PIM HIT SHT SB MP PP MP PP SHT PK MP PK SHT FO% FOT GA TA
Adam EdstromC000000005:280:0000:4400% 000
Adam SykoraRW101-1001018:031:3210:0000% 101
Anton BlidhLW1230025019:151:3210:5100% 010
Bobby TrivignoC000-1003018:161:3220:00050% 1600
Braden SchneiderD123-1013124:402:2011:4900% 010
Brandon ScanlinD0110010122:050:4600:4800% 001
Connor MackeyD000-1211123:232:2000:3200% 000
Jake LeschyshynC0111003022:060:0001:36082% 2200
Karl HenrikssonC0000000013:300:0000:02033% 300
Lauri PajuniemiLW2130045124:531:3401:350100% 111
Mac HollowellD000-100006:290:0000:0000% 000
Matt RempeC0000021014:480:0000:00063% 800
Matthew RobertsonD0001010012:330:0000:0000% 000
Nikolas BrouillardD0111001014:440:0001:1700% 000
Riley NashRW1231219123:571:3410:150100% 100
Ryan JonesD0001000017:360:4600:4800% 001
Ryder KorczakC000000000:000:0000:0000% 000
Turner ElsonLW0000012015:351:3400:11040% 500

Rochester Americans

5 vs 5 Forward
Line #Left WingCenterRight WingPHYDFOFWanted %Time %Time Play
1Tyler BensonJustin RichardsLukas Rousek0144033%17:46
2Jack DuganThomas BordeleauJiri Kulich0233032%17:01
3Peter AbbandonatoBrandon BiroBrett Murray2212023%12:14
4Lukas RousekPeter AbbandonatoLinus Weissbach2211013%6:46
5 vs 5 Defense
Line #DefenseDefensePHYDFOFWanted %Time %Time Play
1Owen PowerRiley Stillman1224038%20:11
2Jacob BrysonKale Clague1223034%18:04
3Jeremy DaviesHenry Thrun1222024%12:41
4Owen PowerRiley Stillman122105%2:51
Power Play Forward
Line #Left WingCenterRight WingPHYDFOFWanted %Time %Time Play
1Thomas BordeleauJustin RichardsJiri Kulich1226051%1:20
2Jack DuganBrandon BiroLukas Rousek1224049%1:17
Power Play Defense
Line #DefenseDefensePHYDFOFWanted %Time %Time Play
1Owen PowerRiley Stillman1226064%1:40
2Jacob BrysonKale Clague1224036%0:57
Penalty Kill 4 Players Forward
Line #CenterWingPHYDFOFWanted %Time %Time Play
1Justin RichardsLukas Rousek1226080%2:29
2Brandon BiroJack Dugan1224020%0:37
Penalty Kill 4 Players Defense
Line #DefenseDefensePHYDFOFWanted %Time %Time Play
1Owen PowerRiley Stillman1226090%2:47
2Jacob BrysonKale Clague1224010%0:19
Penalty Kill 3 Players
Line #WingPHYDFOFWanted %Time %Time PlayDefenseDefensePHYDFOFWanted %Time %Time Play
1Justin Richards122600%0:00 Owen PowerRiley Stillman122600%0:00
2Brandon Biro122400%0:00 Jacob BrysonKale Clague122400%0:00
4 vs 4 Forward
Line #CenterWingPHYDFOFWanted %Time %Time Play
1Justin RichardsLukas Rousek122600%0:00
2Brandon BiroJack Dugan122400%0:00
4 vs 4 Defense
Line #DefensePHYDFOFWanted %Time %Time Play
1Owen PowerRiley Stillman122600%0:00
2Jacob BrysonKale Clague122400%0:00
Last Minutes Offensive
Left WingCenterRight WingDefenseDefense
Thomas BordeleauJustin RichardsLukas RousekOwen PowerRiley Stillman
Last Minutes Defensive
Left WingCenterRight WingDefenseDefense
Thomas BordeleauJustin RichardsLukas RousekOwen PowerRiley Stillman
Time
Total ForwardTotal DefenseLast Minutes OffensiveLast Minutes Defensive
60:00 60:00 0:300:00
Extra Forwards
Normal PowerPlayPenalty Kill
Justin Richards, Jiri Kulich, Brandon BiroJustin Richards, Jiri KulichJustin Richards
Extra Defensemen
Normal PowerPlayPenalty Kill
Kale Clague, Jeremy Davies, Henry ThrunKale Clague, Kale ClagueJeremy Davies
Penalty Shots
Jiri Kulich, Lukas Rousek, Justin Richards, Brett Murray, Brandon Biro
Goalie
Eric Comrie, Dustin Tokarski
Custom OT Lines Forwards
Linus Weissbach, Lukas Rousek, Justin Richards, Brett Murray, Tyler Benson, Jiri Kulich, Brandon Biro, Peter Abbandonato, Jack Dugan, Thomas Bordeleau
Custom OT Lines Defensemen
Owen Power, Riley Stillman, Jacob Bryson, Kale Clague, Jeremy Davies
Scratches
Joseph Cecconi (Healthy), Filip Cederqvist (Healthy), Ethan Keppen (Healthy), Aleksandr Kisakov (Healthy), Tyson Kozak (Healthy) Andrew Nielsen (Healthy), Devin Cooley (Healthy), Devon Levi (Sports Hernia Injury)

Hartford Wolf Pack

5 vs 5 Forward
Line #Left WingCenterRight WingPHYDFOFWanted %Time %Time Play
1Lauri PajuniemiJake LeschyshynRiley Nash1224037%20:07
2Anton BlidhBobby TrivignoAdam Sykora1223031%16:54
3Turner ElsonKarl HenrikssonMatt Rempe1222024%13:04
4Lauri PajuniemiMatt RempeRiley Nash122107%3:39
5 vs 5 Defense
Line #DefenseDefensePHYDFOFWanted %Time %Time Play
1Braden SchneiderConnor Mackey1224038%20:31
2Brandon ScanlinRyan Jones1223028%14:47
3Matthew RobertsonNikolas Brouillard1222022%12:04
4Mac HollowellBrandon Scanlin1221012%6:22
Power Play Forward
Line #Left WingCenterRight WingPHYDFOFWanted %Time %Time Play
1Lauri PajuniemiTurner ElsonRiley Nash1226051%1:34
2Anton BlidhBobby TrivignoAdam Sykora1224049%1:32
Power Play Defense
Line #DefenseDefensePHYDFOFWanted %Time %Time Play
1Braden SchneiderConnor Mackey1226075%2:20
2Brandon ScanlinRyan Jones1224025%0:46
Penalty Kill 4 Players Forward
Line #CenterWingPHYDFOFWanted %Time %Time Play
1Jake LeschyshynLauri Pajuniemi1226090%2:22
2Riley NashAnton Blidh1224010%0:15
Penalty Kill 4 Players Defense
Line #DefenseDefensePHYDFOFWanted %Time %Time Play
1Connor MackeyBraden Schneider1226069%1:49
2Brandon ScanlinRyan Jones1224031%0:48
Penalty Kill 3 Players
Line #WingPHYDFOFWanted %Time %Time PlayDefenseDefensePHYDFOFWanted %Time %Time Play
1Riley Nash122600%0:00 Nikolas BrouillardMatthew Robertson122600%0:00
2Anton Blidh122400%0:00 Brandon ScanlinRyan Jones122400%0:00
4 vs 4 Forward
Line #CenterWingPHYDFOFWanted %Time %Time Play
1Turner ElsonJake Leschyshyn122600%0:00
2Riley NashAnton Blidh122400%0:00
4 vs 4 Defense
Line #DefensePHYDFOFWanted %Time %Time Play
1Matthew RobertsonNikolas Brouillard122600%0:00
2Brandon ScanlinRyan Jones122400%0:00
Last Minutes Offensive
Left WingCenterRight WingDefenseDefense
Anton BlidhJake LeschyshynRiley NashBraden SchneiderConnor Mackey
Last Minutes Defensive
Left WingCenterRight WingDefenseDefense
Anton BlidhJake LeschyshynRiley NashBraden SchneiderConnor Mackey
Time
Total ForwardTotal DefenseLast Minutes OffensiveLast Minutes Defensive
60:00 60:00 0:000:33
Extra Forwards
Normal PowerPlayPenalty Kill
Adam Edstrom, Turner Elson, Lauri PajuniemiAdam Edstrom, Turner ElsonLauri Pajuniemi
Extra Defensemen
Normal PowerPlayPenalty Kill
Matthew Robertson, Nikolas Brouillard, Brandon ScanlinMatthew Robertson, Nikolas BrouillardBrandon Scanlin
Penalty Shots
Lauri Pajuniemi, Bobby Trivigno, Riley Nash, Anton Blidh, Turner Elson
Goalie
Louis Domingue, Dylan Garand
Custom OT Lines Forwards
Adam Sykora, Jake Leschyshyn, Riley Nash, Anton Blidh, Turner Elson, Lauri Pajuniemi, Bobby Trivigno, Karl Henriksson, Matt Rempe, Adam Edstrom
Custom OT Lines Defensemen
Braden Schneider, Connor Mackey, Brandon Scanlin, Ryan Jones, Matthew Robertson
Scratches
Brett Berard (Healthy), Will Cuylle (Right Hand Injury), Jacob Friend (Healthy), Olivier LeBlanc (Healthy), Olof Lindbom (Healthy)


Play-by-Play

1st period


0:01 of 1st period - Jake Leschyshyn wins face-off versus Justin Richards in neutral zone.
0:03 of 1st period - Off-side.
0:04 of 1st period - Jake Leschyshyn wins face-off versus Justin Richards in neutral zone.
0:35 of 1st period - Wrist shot by Thomas Bordeleau.
0:35 of 1st period - Shot Misses the Net.
0:37 of 1st period - Slapshot by Owen Power.
0:37 of 1st period - Shot Misses the Net.
2:49 of 1st period - Connor Mackey is hit by Lukas Rousek and loses puck.
3:40 of 1st period - Brandon Biro is hit by Matthew Robertson and loses puck.
5:22 of 1st period - Minor Penalty to Justin Richards for Holding.
5:23 of 1st period - Peter Abbandonato wins face-off versus Bobby Trivigno in Rochester Americans zone.
5:33 of 1st period - Backhand shot by Braden Schneider.
5:33 of 1st period - Goal by Braden Schneider - Rochester Americans : 0 - Hartford Wolf Pack : 1.
5:34 of 1st period - Matt Rempe wins face-off versus Justin Richards in neutral zone.
5:41 of 1st period - Snap shot by Riley Nash.
5:41 of 1st period - Stopped by Eric Comrie with a rebound.
5:43 of 1st period - Snap shot by Matt Rempe.
5:43 of 1st period - Stopped by Eric Comrie with a rebound.
6:07 of 1st period - Icing by Ryan Jones.
6:08 of 1st period - Thomas Bordeleau wins face-off versus Bobby Trivigno in Hartford Wolf Pack zone.
6:37 of 1st period - Slapshot by Brandon Biro.
6:37 of 1st period - Goal by Brandon Biro - Rochester Americans : 1 - Hartford Wolf Pack : 1.
6:38 of 1st period - Jake Leschyshyn wins face-off versus Justin Richards in neutral zone.
6:49 of 1st period - Backhand shot by Braden Schneider.
6:49 of 1st period - Stopped by Eric Comrie with a rebound.
7:03 of 1st period - Braden Schneider is hit by Owen Power and loses puck.
8:00 of 1st period - Snap shot by Braden Schneider.
8:00 of 1st period - Stopped by Eric Comrie with a rebound.
8:40 of 1st period - Icing by Mac Hollowell.
8:41 of 1st period - Brandon Biro wins face-off versus Bobby Trivigno in Hartford Wolf Pack zone.
8:44 of 1st period - Wrist shot by Brett Murray.
8:44 of 1st period - Goal by Brett Murray - Rochester Americans : 2 - Hartford Wolf Pack : 1.
8:45 of 1st period - Jake Leschyshyn wins face-off versus Justin Richards in neutral zone.
10:27 of 1st period - Bobby Trivigno is hit by Peter Abbandonato and loses puck.
11:40 of 1st period - Tyler Benson is hit by Riley Nash and loses puck.
13:47 of 1st period - Bobby Trivigno is hit by Jack Dugan and loses puck.
17:32 of 1st period - Icing by Mac Hollowell.
17:33 of 1st period - Karl Henriksson wins face-off versus Justin Richards in Hartford Wolf Pack zone.
19:28 of 1st period - Brandon Scanlin is hit by Jack Dugan.
Goals for this period are 2 for Rochester Americans vs 1 for Hartford Wolf Pack.
Shots for this period are 2 for Rochester Americans vs 5 for Hartford Wolf Pack.

2nd period


0:01 of 2nd period - Jake Leschyshyn wins face-off versus Justin Richards in neutral zone.
0:10 of 2nd period - Slapshot by Jake Leschyshyn.
0:10 of 2nd period - Shot Blocked by Riley Stillman.
0:12 of 2nd period - Wrist shot by Jake Leschyshyn.
0:12 of 2nd period - Deflect By Riley Nash.
0:12 of 2nd period - Shot Misses the Net.
0:12 of 2nd period - Puck is out of play.
0:13 of 2nd period - Jake Leschyshyn wins face-off versus Justin Richards in Rochester Americans zone.
0:14 of 2nd period - Snap shot by Riley Nash.
0:14 of 2nd period - Deflect By Lauri Pajuniemi.
0:14 of 2nd period - Shot Misses the Net.
0:14 of 2nd period - Puck is out of play.
0:15 of 2nd period - Jake Leschyshyn wins face-off versus Justin Richards in Rochester Americans zone.
0:40 of 2nd period - Off-side.
0:41 of 2nd period - Bobby Trivigno wins face-off versus Thomas Bordeleau in neutral zone.
0:53 of 2nd period - Wrist shot by Bobby Trivigno.
0:53 of 2nd period - Shot Misses the Net.
0:55 of 2nd period - Slapshot by Connor Mackey.
0:55 of 2nd period - Deflect By Anton Blidh.
0:55 of 2nd period - Hartford Wolf Pack goal is going for a video replay.
0:55 of 2nd period - The goal is refused. The net was displaced accidentally..
0:56 of 2nd period - Jake Leschyshyn wins face-off versus Justin Richards in Rochester Americans zone.
1:04 of 2nd period - Riley Stillman is hit by Lauri Pajuniemi and loses puck.
1:26 of 2nd period - Snap shot by Anton Blidh.
1:26 of 2nd period - Stopped by Eric Comrie with a rebound.
1:28 of 2nd period - Slapshot by Connor Mackey.
1:28 of 2nd period - Deflect By Anton Blidh.
1:28 of 2nd period - Shot Blocked by Henry Thrun.
1:28 of 2nd period - Puck is out of play.
1:29 of 2nd period - Bobby Trivigno wins face-off versus Justin Richards in Rochester Americans zone.
1:44 of 2nd period - Snap shot by Bobby Trivigno.
1:44 of 2nd period - Deflect By Anton Blidh.
1:44 of 2nd period - Shot Blocked by Lukas Rousek.
1:44 of 2nd period - Puck is out of play.
1:45 of 2nd period - Thomas Bordeleau wins face-off versus Jake Leschyshyn in Rochester Americans zone.
2:06 of 2nd period - Ryan Jones is hit by Jack Dugan and loses puck.
3:05 of 2nd period - Snap shot by Thomas Bordeleau.
3:05 of 2nd period - Stopped by Louis Domingue with a rebound.
3:12 of 2nd period - Off-side.
3:13 of 2nd period - Justin Richards wins face-off versus Bobby Trivigno in neutral zone.
3:26 of 2nd period - Adam Sykora is hit by Tyler Benson and loses puck.
4:27 of 2nd period - Icing by Kale Clague.
4:28 of 2nd period - Bobby Trivigno wins face-off versus Brandon Biro in Rochester Americans zone.
4:47 of 2nd period - Jacob Bryson is hit by Anton Blidh and loses puck.
6:04 of 2nd period - Jiri Kulich is hit by Lauri Pajuniemi and loses puck.
7:13 of 2nd period - Jake Leschyshyn is hit by Jiri Kulich and loses puck.
10:31 of 2nd period - Icing by Kale Clague.
10:32 of 2nd period - Matt Rempe wins face-off versus Justin Richards in Rochester Americans zone.
10:38 of 2nd period - Icing by Justin Richards.
10:39 of 2nd period - Riley Nash wins face-off versus Brandon Biro in Rochester Americans zone.
10:42 of 2nd period - Snap shot by Riley Nash.
10:42 of 2nd period - Shot Misses the Net.
10:44 of 2nd period - Snap shot by Riley Nash.
10:44 of 2nd period - Stopped by Eric Comrie with a rebound.
11:03 of 2nd period - Off-side.
11:04 of 2nd period - Thomas Bordeleau wins face-off versus Karl Henriksson in neutral zone.
11:07 of 2nd period - Snap shot by Owen Power.
11:07 of 2nd period - Deflect By Thomas Bordeleau.
11:07 of 2nd period - Shot Misses the Net.
11:07 of 2nd period - Puck is out of play.
11:08 of 2nd period - Turner Elson wins face-off versus Thomas Bordeleau in Hartford Wolf Pack zone.
11:15 of 2nd period - Jiri Kulich is hit by Matt Rempe and loses puck.
11:24 of 2nd period - Snap shot by Turner Elson.
11:24 of 2nd period - Stopped by Eric Comrie with a rebound.
11:56 of 2nd period - Backhand shot by Owen Power.
11:56 of 2nd period - Stopped by Louis Domingue without a rebound.
11:57 of 2nd period - Justin Richards wins face-off versus Jake Leschyshyn in Hartford Wolf Pack zone.
11:58 of 2nd period - Wrist shot by Lukas Rousek.
11:58 of 2nd period - Goal by Lukas Rousek - Rochester Americans : 3 - Hartford Wolf Pack : 1.
11:59 of 2nd period - Jake Leschyshyn wins face-off versus Justin Richards in neutral zone.
12:04 of 2nd period - Snap shot by Jake Leschyshyn.
12:04 of 2nd period - Stopped by Eric Comrie with a rebound.
12:12 of 2nd period - Snap shot by Riley Nash.
12:12 of 2nd period - Stopped by Eric Comrie with a rebound.
12:49 of 2nd period - Wrist shot by Turner Elson.
12:49 of 2nd period - Stopped by Eric Comrie with a rebound.
12:51 of 2nd period - Snap shot by Karl Henriksson.
12:51 of 2nd period - Shot Misses the Net.
13:59 of 2nd period - Slapshot by Brandon Biro.
13:59 of 2nd period - Stopped by Louis Domingue with a rebound.
14:50 of 2nd period - Matt Rempe is hit by Justin Richards.
18:13 of 2nd period - Jeremy Davies is hit by Turner Elson and loses puck.
Goals for this period are 1 for Rochester Americans vs 0 for Hartford Wolf Pack.
Shots for this period are 4 for Rochester Americans vs 7 for Hartford Wolf Pack.

3rd period


0:01 of 3rd period - Jake Leschyshyn wins face-off versus Justin Richards in neutral zone.
0:10 of 3rd period - Slapshot by Jake Leschyshyn.
0:10 of 3rd period - Stopped by Eric Comrie with a rebound.
0:12 of 3rd period - Slapshot by Braden Schneider.
0:12 of 3rd period - Deflect By Riley Nash.
0:12 of 3rd period - Stopped by Eric Comrie without a rebound.
0:13 of 3rd period - Lauri Pajuniemi wins face-off versus Justin Richards in Rochester Americans zone.
0:19 of 3rd period - Icing by Riley Stillman.
0:20 of 3rd period - Jake Leschyshyn wins face-off versus Justin Richards in Rochester Americans zone.
0:21 of 3rd period - Slapshot by Riley Nash.
0:21 of 3rd period - Stopped by Eric Comrie without a rebound.
0:22 of 3rd period - Jake Leschyshyn wins face-off versus Tyler Benson in Rochester Americans zone.
0:31 of 3rd period - Jake Leschyshyn is hit by Tyler Benson and loses puck.
0:38 of 3rd period - Snap shot by Justin Richards.
0:38 of 3rd period - Shot Misses the Net.
0:40 of 3rd period - Snap shot by Owen Power.
0:40 of 3rd period - Stopped by Louis Domingue with a rebound.
0:42 of 3rd period - Wrist shot by Tyler Benson.
0:42 of 3rd period - Shot Misses the Net.
0:44 of 3rd period - Snap shot by Justin Richards.
0:44 of 3rd period - Shot Misses the Net.
0:46 of 3rd period - Slapshot by Riley Stillman.
0:46 of 3rd period - Shot Misses the Net.
0:48 of 3rd period - Snap shot by Tyler Benson.
0:48 of 3rd period - Stopped by Louis Domingue without a rebound.
0:49 of 3rd period - Thomas Bordeleau wins face-off versus Bobby Trivigno in Hartford Wolf Pack zone.
0:57 of 3rd period - Icing by Ryan Jones.
0:58 of 3rd period - Bobby Trivigno wins face-off versus Thomas Bordeleau in Hartford Wolf Pack zone.
1:13 of 3rd period - Slapshot by Bobby Trivigno.
1:13 of 3rd period - Shot Misses the Net.
1:15 of 3rd period - Slapshot by Ryan Jones.
1:15 of 3rd period - Shot Blocked by Jacob Bryson.
1:17 of 3rd period - Slapshot by Brandon Scanlin.
1:17 of 3rd period - Deflect By Bobby Trivigno.
1:17 of 3rd period - Shot Misses the Net.
1:17 of 3rd period - Puck is out of play.
1:18 of 3rd period - Jake Leschyshyn wins face-off versus Justin Richards in Rochester Americans zone.
1:21 of 3rd period - Wrist shot by Jake Leschyshyn.
1:21 of 3rd period - Shot Blocked by Riley Stillman.
1:33 of 3rd period - Slapshot by Lukas Rousek.
1:33 of 3rd period - Stopped by Louis Domingue without a rebound.
1:34 of 3rd period - Bobby Trivigno wins face-off versus Thomas Bordeleau in Hartford Wolf Pack zone.
2:01 of 3rd period - Braden Schneider is hit by Riley Stillman and loses puck.
2:12 of 3rd period - Brett Murray is hit by Lauri Pajuniemi and loses puck.
2:23 of 3rd period - Slapshot by Turner Elson.
2:23 of 3rd period - Shot Blocked by Kale Clague.
2:25 of 3rd period - Slapshot by Brandon Scanlin.
2:25 of 3rd period - Shot Blocked by Jacob Bryson.
2:27 of 3rd period - Snap shot by Matt Rempe.
2:27 of 3rd period - Shot Misses the Net.
2:29 of 3rd period - Snap shot by Turner Elson.
2:29 of 3rd period - Shot Misses the Net.
2:31 of 3rd period - Slapshot by Brandon Scanlin.
2:31 of 3rd period - Deflect By Turner Elson.
2:31 of 3rd period - Shot Misses the Net.
2:31 of 3rd period - Puck is out of play.
2:32 of 3rd period - Jake Leschyshyn wins face-off versus Justin Richards in Rochester Americans zone.
2:35 of 3rd period - Wrist shot by Jake Leschyshyn.
2:35 of 3rd period - Shot Misses the Net.
2:37 of 3rd period - Wrist shot by Lauri Pajuniemi.
2:37 of 3rd period - Stopped by Eric Comrie with a rebound.
2:39 of 3rd period - Snap shot by Lauri Pajuniemi.
2:39 of 3rd period - Shot Misses the Net.
2:41 of 3rd period - Wrist shot by Lauri Pajuniemi.
2:41 of 3rd period - Goal by Lauri Pajuniemi - Rochester Americans : 3 - Hartford Wolf Pack : 2.
2:42 of 3rd period - Matt Rempe wins face-off versus Justin Richards in neutral zone.
2:55 of 3rd period - Wrist shot by Riley Nash.
2:55 of 3rd period - Stopped by Eric Comrie without a rebound.
2:56 of 3rd period - Jake Leschyshyn wins face-off versus Lukas Rousek in Rochester Americans zone.
3:09 of 3rd period - Slapshot by Justin Richards.
3:09 of 3rd period - Stopped by Louis Domingue with a rebound.
3:11 of 3rd period - Wrist shot by Lukas Rousek.
3:11 of 3rd period - Stopped by Louis Domingue with a rebound.
3:31 of 3rd period - Slapshot by Brandon Biro.
3:31 of 3rd period - Shot Blocked by Brandon Scanlin.
3:33 of 3rd period - Snap shot by Brett Murray.
3:33 of 3rd period - Stopped by Louis Domingue with a rebound.
3:52 of 3rd period - Connor Mackey is hit by Thomas Bordeleau and loses puck.
4:09 of 3rd period - Snap shot by Jake Leschyshyn.
4:09 of 3rd period - Shot Misses the Net.
4:11 of 3rd period - Wrist shot by Jake Leschyshyn.
4:11 of 3rd period - Shot Misses the Net.
4:13 of 3rd period - Snap shot by Riley Nash.
4:13 of 3rd period - Deflect By Jake Leschyshyn.
4:13 of 3rd period - Stopped by Eric Comrie with a rebound.
4:51 of 3rd period - Wrist shot by Riley Nash.
4:51 of 3rd period - Stopped by Eric Comrie with a rebound.
4:53 of 3rd period - Slapshot by Nikolas Brouillard.
4:53 of 3rd period - Stopped by Eric Comrie with a rebound.
4:55 of 3rd period - Snap shot by Lauri Pajuniemi.
4:55 of 3rd period - Stopped by Eric Comrie with a rebound.
4:57 of 3rd period - Slapshot by Lauri Pajuniemi.
4:57 of 3rd period - Goal by Lauri Pajuniemi - Rochester Americans : 3 - Hartford Wolf Pack : 3.
4:58 of 3rd period - Jiri Kulich wins face-off versus Adam Sykora in neutral zone.
5:00 of 3rd period - Minor Penalty to Jack Dugan for Holding Stick.
5:01 of 3rd period - Justin Richards wins face-off versus Bobby Trivigno in Rochester Americans zone.
5:09 of 3rd period - Snap shot by Lukas Rousek.
5:09 of 3rd period - Stopped by Louis Domingue without a rebound.
5:10 of 3rd period - Bobby Trivigno wins face-off versus Justin Richards in Hartford Wolf Pack zone.
5:10 of 3rd period - Bobby Trivigno is hit by Justin Richards.
5:20 of 3rd period - Snap shot by Justin Richards.
5:20 of 3rd period - Shot Blocked by Connor Mackey.
5:32 of 3rd period - Owen Power is hit by Connor Mackey and loses puck.
5:37 of 3rd period - Snap shot by Anton Blidh.
5:37 of 3rd period - Stopped by Eric Comrie with a rebound.
5:39 of 3rd period - Snap shot by Adam Sykora.
5:39 of 3rd period - Goal by Adam Sykora - Rochester Americans : 3 - Hartford Wolf Pack : 4.
5:40 of 3rd period - Justin Richards wins face-off versus Bobby Trivigno in neutral zone.
5:43 of 3rd period - Snap shot by Owen Power.
5:43 of 3rd period - Stopped by Louis Domingue with a rebound.
5:45 of 3rd period - Snap shot by Owen Power.
5:45 of 3rd period - Shot Blocked by Braden Schneider.
5:47 of 3rd period - Snap shot by Lukas Rousek.
5:47 of 3rd period - Shot Misses the Net.
5:49 of 3rd period - Slapshot by Tyler Benson.
5:49 of 3rd period - Shot Misses the Net.
5:51 of 3rd period - Slapshot by Owen Power.
5:51 of 3rd period - Stopped by Louis Domingue with a rebound.
6:09 of 3rd period - Jack Dugan is hit by Lauri Pajuniemi and loses puck.
7:04 of 3rd period - Wrist shot by Lukas Rousek.
7:04 of 3rd period - Shot Blocked by Lauri Pajuniemi.
7:22 of 3rd period - Snap shot by Thomas Bordeleau.
7:22 of 3rd period - Shot Misses the Net.
7:52 of 3rd period - Wrist shot by Turner Elson.
7:52 of 3rd period - Deflect By Karl Henriksson.
7:52 of 3rd period - Shot Misses the Net.
7:52 of 3rd period - Puck is out of play.
7:53 of 3rd period - Brandon Biro wins face-off versus Karl Henriksson in Rochester Americans zone.
7:55 of 3rd period - Minor Penalty to Kale Clague for Tripping.
7:56 of 3rd period - Justin Richards wins face-off versus Turner Elson in Rochester Americans zone.
8:41 of 3rd period - Wrist shot by Brandon Biro.
8:41 of 3rd period - Deflect By Jack Dugan.
8:41 of 3rd period - Shot Blocked by Riley Nash.
8:41 of 3rd period - Puck is out of play.
8:42 of 3rd period - Jack Dugan wins face-off versus Turner Elson in Hartford Wolf Pack zone.
8:47 of 3rd period - Snap shot by Brandon Biro.
8:47 of 3rd period - Stopped by Louis Domingue without a rebound.
8:48 of 3rd period - Turner Elson wins face-off versus Justin Richards in Hartford Wolf Pack zone.
9:08 of 3rd period - Snap shot by Bobby Trivigno.
9:08 of 3rd period - Stopped by Eric Comrie without a rebound.
9:09 of 3rd period - Bobby Trivigno wins face-off versus Justin Richards in Rochester Americans zone.
9:12 of 3rd period - Wrist shot by Bobby Trivigno.
9:12 of 3rd period - Stopped by Eric Comrie with a rebound.
9:14 of 3rd period - Slapshot by Connor Mackey.
9:14 of 3rd period - Shot Misses the Net.
9:55 of 3rd period - Penalty to Kale Clague is over, Kale Clague is back on ice.
10:00 of 3rd period - Lukas Rousek is hit by Anton Blidh and loses puck.
10:05 of 3rd period - Wrist shot by Anton Blidh.
10:05 of 3rd period - Stopped by Eric Comrie with a rebound.
10:19 of 3rd period - Slapshot by Jeremy Davies.
10:19 of 3rd period - Deflect By Jiri Kulich.
10:19 of 3rd period - Stopped by Louis Domingue with a rebound.
10:54 of 3rd period - Snap shot by Anton Blidh.
10:54 of 3rd period - Shot Blocked by Jeremy Davies.
11:39 of 3rd period - Jake Leschyshyn is hit by Brandon Biro and loses puck.
12:58 of 3rd period - Icing by Nikolas Brouillard.
12:59 of 3rd period - Bobby Trivigno wins face-off versus Thomas Bordeleau in Hartford Wolf Pack zone.
13:10 of 3rd period - Slapshot by Owen Power.
13:10 of 3rd period - Stopped by Louis Domingue without a rebound.
13:11 of 3rd period - Matt Rempe wins face-off versus Brandon Biro in Hartford Wolf Pack zone.
13:27 of 3rd period - Connor Mackey is hit by Riley Stillman and loses puck.
13:38 of 3rd period - Owen Power is hit by Braden Schneider and loses puck.
13:43 of 3rd period - Snap shot by Riley Nash.
13:43 of 3rd period - Stopped by Eric Comrie with a rebound.
14:02 of 3rd period - Minor Penalty to Jeremy Davies for Slashing.
14:03 of 3rd period - Justin Richards wins face-off versus Turner Elson in Rochester Americans zone.
14:19 of 3rd period - Snap shot by Riley Nash.
14:19 of 3rd period - Goal by Riley Nash - Rochester Americans : 3 - Hartford Wolf Pack : 5.
14:20 of 3rd period - Jake Leschyshyn wins face-off versus Justin Richards in neutral zone.
14:41 of 3rd period - Minor Penalty to Riley Nash for Delaying the game.
14:42 of 3rd period - Jake Leschyshyn wins face-off versus Justin Richards in Hartford Wolf Pack zone.
14:57 of 3rd period - Wrist shot by Thomas Bordeleau.
14:57 of 3rd period - Stopped by Louis Domingue with a rebound.
15:13 of 3rd period - Slapshot by Jacob Bryson.
15:13 of 3rd period - Deflect By Brandon Biro.
15:13 of 3rd period - Shot Misses the Net.
15:13 of 3rd period - Puck is out of play.
15:14 of 3rd period - Brandon Biro wins face-off versus Jake Leschyshyn in Hartford Wolf Pack zone.
15:19 of 3rd period - Snap shot by Brandon Biro.
15:19 of 3rd period - Goal by Brandon Biro - Rochester Americans : 4 - Hartford Wolf Pack : 5.
15:20 of 3rd period - Justin Richards wins face-off versus Matt Rempe in neutral zone.
15:23 of 3rd period - Wrist shot by Lukas Rousek.
15:23 of 3rd period - Stopped by Louis Domingue without a rebound.
15:24 of 3rd period - Justin Richards wins face-off versus Matt Rempe in Hartford Wolf Pack zone.
15:40 of 3rd period - Minor Penalty to Connor Mackey for Tripping.
15:41 of 3rd period - Jake Leschyshyn wins face-off versus Thomas Bordeleau in Hartford Wolf Pack zone.
17:00 of 3rd period - Adam Edstrom is hit by Jack Dugan and loses puck.
17:27 of 3rd period - Adam Edstrom is hit by Jiri Kulich and loses puck.
17:40 of 3rd period - Penalty to Connor Mackey is over, Connor Mackey is back on ice.
17:44 of 3rd period - Wrist shot by Bobby Trivigno.
17:44 of 3rd period - Stopped by Eric Comrie with a rebound.
17:46 of 3rd period - Snap shot by Turner Elson.
17:46 of 3rd period - Deflect By Bobby Trivigno.
17:46 of 3rd period - Shot Blocked by Owen Power.
17:46 of 3rd period - Puck is out of play.
17:47 of 3rd period - Peter Abbandonato wins face-off versus Bobby Trivigno in Rochester Americans zone.
17:54 of 3rd period - Adam Sykora is hit by Tyler Benson.
18:04 of 3rd period - Henry Thrun is hit by Brandon Scanlin and loses puck.
18:18 of 3rd period - Wrist shot by Tyler Benson.
18:18 of 3rd period - Deflect By Peter Abbandonato.
18:18 of 3rd period - Stopped by Louis Domingue with a rebound.
18:20 of 3rd period - Slapshot by Jeremy Davies.
18:20 of 3rd period - Stopped by Louis Domingue without a rebound.
18:21 of 3rd period - Matt Rempe wins face-off versus Thomas Bordeleau in Hartford Wolf Pack zone.
18:26 of 3rd period - Backhand shot by Connor Mackey.
18:26 of 3rd period - Stopped by Eric Comrie without a rebound.
18:27 of 3rd period - Thomas Bordeleau wins face-off versus Matt Rempe in Rochester Americans zone.
18:27 of 3rd period - Jacob Bryson is hit by Matt Rempe and loses puck.
18:42 of 3rd period - Snap shot by Lauri Pajuniemi.
18:42 of 3rd period - Stopped by Eric Comrie with a rebound.
19:00 of 3rd period - Rochester Americans, Eric Comrie is pulled from the net.
19:18 of 3rd period - Wrist shot by Anton Blidh.
19:18 of 3rd period - Goal by Anton Blidh - Rochester Americans : 4 - Hartford Wolf Pack : 6.
19:18 of 3rd period - Eric Comrie from Rochester Americans was sent back in the game.
19:19 of 3rd period - Brandon Biro wins face-off versus Jake Leschyshyn in neutral zone.
Goals for this period are 1 for Rochester Americans vs 5 for Hartford Wolf Pack.
Shots for this period are 17 for Rochester Americans vs 22 for Hartford Wolf Pack.